 Dungeon Crawl Stone Soup version 0.15-a0-1506-g1b030bc (webtiles) character file.

107198 Psiweapon the Stickfighter (level 15, -6/134 (139) HPs)
             Began as a Minotaur Gladiator on June 14, 2014.
             Was a Plaything of Xom.
             Mangled by an alligator zombie (22 damage)
             ... on Level 2 of the Swamp on June 15, 2014.
             The game lasted 03:53:13 (27760 turns).

Psiweapon the Stickfighter (Minotaur Gladiator)    Turns: 27760, Time: 03:53:13

HP  -6/134 (139) AC 11     Str 20      XL: 15   Next: 99%
MP  19/19        EV 23     Int  9      God: Xom
Gold 1615        SH  0     Dex 16      Spells:  3 memorised, 15 levels left

rFire  . . .     SeeInvis +     I - +0,+1 great mace (holy)
rCold  . . .     Clarity  .     r - +0 troll leather armour
rNeg   . . .     rCorr    .     (no shield)
rPois  .         rRot     .     d - +1 hat {SInv}
rElec  .         Spirit   .     b - +0 cloak
SustAb .         Warding  .     C - +1 pair of gloves {Dex+3}
rMut   .         Stasis   .     B - +0 pair of boots
Gourm  +                        M - amulet of the gourmand
MR     +....                    J - +2 ring of evasion
                                t - ring of regeneration

@: heavily drained, somewhat resistant to hostile enchantments, fairly stealthy
A: retaliatory headbutt, horns 2
a: Renounce Religion


You were on level 2 of the Swamp.
You worshipped Xom.
You were a favourite toy of Xom.
You were not hungry.

You visited 5 branches of the dungeon, and saw 30 of its levels.
You also visited: Ice Cave.

You collected 3052 gold pieces.
You spent 1153 gold pieces at shops.

Inventory:

Hand weapons
 a - a +0,+0 dagger
 z - a +0 blowgun
 E - a +1,+3 vampiric lajatang
 I - a +0,+1 great mace of holy wrath (weapon)
 S - a +4,+4 quarterstaff of draining
Missiles
 i - 9 curare-tipped needles
 O - 4 silver javelins
 Q - 3 steel tomahawks (quivered)
Armour
 b - a +0 cloak (worn)
 d - a +1 hat of see invisible (worn)
 m - a +1 buckler of protection
 r - a +0 troll leather armour (worn)
 B - a +0 pair of boots (worn)
 C - a +1 pair of gloves of dexterity (worn)
Magical devices
 u - a wand of fireball (1)
 P - a wand of invisibility (0)
 W - a wand of invisibility (0)
 Y - a wand of enslavement (17)
Comestibles
 x - 3 fruits
 K - 14 meat rations
 N - 14 beef jerkies
Scrolls
 c - 7 scrolls of remove curse
 f - 2 scrolls of recharging
 l - 7 scrolls of magic mapping
 D - 7 scrolls of fog
 L - 4 scrolls of fear
 Z - 11 scrolls of teleportation
Jewellery
 j - an uncursed ring of protection from cold
 k - an uncursed amulet of resist mutation
 o - an uncursed ring of sustain abilities
 t - a ring of regeneration (left hand)
 w - an uncursed ring of protection from fire
 y - an uncursed ring of positive energy
 J - a +2 ring of evasion (right hand)
 M - an amulet of the gourmand (around neck)
Potions
 g - 3 potions of magic
 h - 5 potions of restore abilities
 p - 2 potions of berserk rage
 q - 3 potions of brilliance
 s - 13 potions of curing
 R - 2 potions of resistance
 T - a potion of porridge
 U - a potion of cure mutation
 V - a potion of might
Miscellaneous
 e - a plain deck of wonders {drawn: 2}
 n - a lantern of shadows
 v - a fan of gales (inert)
 H - an ornate deck of defence {drawn: 1}
Rods
 A - a +5 rod of inaccuracy (12/12)
   (You found it on level 2 of the Swamp)


   Skills:
 + Level 14.9(12.9) Fighting
 - Level 6.1(8.2) Maces & Flails
 + Level 16.3(14.4) Staves
   Level 1.9(1.3) Slings
 + Level 4.1(2.7) Throwing
 + Level 10.0(8.3) Armour
 + Level 15.1(13.2) Dodging
 + Level 8.0(6.3) Stealth
 + Level 0.2(0.0) Unarmed Combat
 - Level 3.6(2.1) Spellcasting
 - Level 5.3(3.7) Charms
 - Level 4.8(3.3) Evocations


You had 15 spell levels left.
You knew the following spells:

 Your Spells              Type           Power        Failure   Level  Hunger
a - Freeze                Ice            #...         34%         1    ##.....
b - Ozocubu's Armour      Chrm/Ice       #.........   56%         3    ####...
c - Stoneskin             Trmt/Erth      #.........   52%         2    ###....


Dungeon Overview and Level Annotations

Branches:
Dungeon (15/15)            Temple (1/1) D:5             Orc (4/4) D:12
    Elf (0/3) Orc:4          Lair (8/8) D:11          Swamp (2/5) Lair:5
  Snake (0/5) Lair:3        Slime (0/6) Lair:7       Vaults (0/5) D:14
 Depths (0/5) D:15

Altars:
Ashenzari
Cheibriados
Dithmenos
Elyvilon
Fedhas
Gozag
Kikubaaqudgha
Makhleb
Nemelex Xobeh
Okawaru
Qazlal
Sif Muna
Trog
Vehumet
Xom
Yredelemnul
Zin
The Shining One
Beogh
Jiyva

Shops:
D:5 (   Orc:1 %   Orc:3 }   Orc:4 =[*(


Innate Abilities, Weirdness & Mutations

You reflexively headbutt those who attack you in melee.
You have a pair of horns on your head.


Message History

* * * LOW HITPOINT WARNING * * *
The alligator zombie tail-slaps you but does no damage.
Drink which item? (? for menu, Esc to quit)
You feel better. The alligator zombie barely misses you.
The alligator zombie tail-slaps you.
* * * LOW HITPOINT WARNING * * *
You barely miss the alligator zombie. You headbutt the alligator zombie!
You sock the alligator zombie!
The alligator zombie convulses.
You headbutt the alligator zombie. The alligator zombie misses you.
You furiously retaliate!
You headbutt the alligator zombie.
The alligator zombie tail-slaps you but does no damage.
You sock the alligator zombie!
The alligator zombie convulses!
You headbutt the alligator zombie. The alligator zombie bites you!!
* * * LOW HITPOINT WARNING * * *
The alligator zombie completely misses you.
Drink which item? (? for menu, Esc to quit)
You feel better.
The alligator zombie completely misses you. x2
You barely miss the alligator zombie. The alligator zombie bites you!!
You die...

♣≈♣##≈≈≈≈≈...Z..≈≈≈≈....#
..≈≈
≈≈≈#♣≈≈≈≈≈≈..######≈§.###
.≈≈≈
≈≈.#♣≈≈≈≈≈≈≈.#♣♣≈###≈≈##
♣♣≈≈≈≈
≈..#♣≈♣≈≈≈≈≈##≈≈≈#§'≈≈≈≈
♣≈≈≈≈≈
≈..≈♣♣≈≈♣≈♣##♣≈≈♣#≈#≈≈###
♣≈...≈
≈≈≈≈≈♣♣♣####≈♣♣≈♣≈≈≈≈≈≈≈#
♣.≈≈.♣
§≈≈≈≈≈≈≈≈≈♣♣♣...≈≈≈#≈≈###
♣.≈≈≈.
♣♣⌠≈§≈≈≈≈≈≈≈..⌠..Z≈.≈.'≈#
.≈≈≈..
♣♣♣♣§≈≈..≈....♣@.≈≈≈.###
≈≈≈≈.♣
♣≈≈§.⌠....♣♣♣♣♣♣≈.##
≈≈≈..≈ ♣♣♣.♣.♣♣.♣♣
♣.♣♣..♣ .§≈.≈.. ♣♣
♣♣♣♣♣♣♣♣♣♣...♣♣♣♣ ≈≈≈ .
≈♣ ≈ ≈.[..≈≈... ≈≈. # ≈♣
≈≈.♣♣♣≈..≈≈≈≈≈≈ .. # ≈♣
≈≈≈.....≈w≈≈≈≈≈≈≈ ♣.# .♣
♣≈...n≈≈≈≈≈≈≈ ♣F ♣♣
♣♣≈.≈≈≈≈≈≈≈≈§ ♣


You could see an alligator zombie.

Vanquished Creatures
  Agnes (Swamp:1)
  An orc warlord (Orc:3)
  Gastronok (Lair:2)
  3 vault guards (D:14)
  Josephine (D:13)
  2 ice dragons (D:15)
  16 hydras
  3 alligators (Swamp:1)
  Nessos (D:11)
  Erica (Lair:3)
  2 orc high priests
  A centaur warrior (D:13)
  A catoblepas (Lair:8)
  Nergalle (D:10)
  A death drake (Swamp:2)
  6 death yaks (Lair:8)
  Erolcha (Orc:4)
  A swamp dragon (shapeshifter) (Orc:4)
  A large abomination (Swamp:2)
  2 spectral hydras (Swamp:2)
  5 orc knights
  An orc sorcerer (Orc:3)
  A wizard (D:15)
  An unseen horror (D:10)
  A red wasp (Swamp:1)
  2 necromancers
  2 black mambas (Lair:4)
  2 sixfirhies
  4 cyclopes
  6 hill giants
  17 spiny frogs
  3 griffons
  A gargoyle (D:14)
  3 manticores
  7 elephants
  4 swamp worm zombies (Swamp:2)
  4 komodo dragons
  A blue devil (Swamp:2)
  A merfolk (shapeshifter) (D:12)
  A fire drake (Lair:5)
  13 slime creatures
  Sonja (Swamp:1)
  Maurice (D:11)
  4 baby alligators (Swamp:1)
  A hydra skeleton (D:15)
  A griffon zombie (D:9)
  7 ravens
  7 bog bodies
  A basilisk (Lair:2)
  6 shadows
  4 spectral swamp dragons (Swamp:2)
  13 blink frogs
  2 trapdoor spiders
  2 two-headed ogres
  2 alligator zombies (Swamp:2)
  2 giant leech zombies (Swamp:2)
  5 deep elf magi
  A water elemental (D:14)
  11 trolls
  A hungry ghost (D:15)
  11 vampire mosquitoes
  2 wraiths
  6 polar bears (Lair:8)
  3 hill giant skeletons
  9 hogs (Lair:8)
  A human zombie (D:10)
  Eustachio (D:8)
  2 wyverns
  30 wolves
  A deep elf fighter (D:11)
  4 nagas (Lair:3)
  A soldier ant (D:10)
  A golden eye (D:12)
  12 ugly things
  4 hell hounds (Lair:8)
  A hydra simulacrum (D:12)
  32 yaks
  7 swamp worms
  A mottled dragon (D:13)
  14 water moccasins
  A spiny frog zombie (Swamp:2)
  10 sharks
  10 ogres
  A phantom (D:14)
  2 ice beasts (D:9)
  3 swamp drakes
  9 black bears
  10 hippogriffs
  28 orc warriors
  14 porcupines
  An elephant zombie (Lair:4)
  A necrophage (D:11)
  13 centaurs
  2 boring beetles
  6 wargs
  A manticore skeleton (D:8)
  27 giant frogs
  Sigmund (D:7)
  2 big kobolds
  17 crocodiles
  A yaktaur zombie (D:12)
  A dwarf (Lair:2)
  4 sky beasts
  4 scorpions
  8 killer bees
  An eye of draining (D:10)
  2 spriggan zombies (Swamp:2)
  A cyclops skeleton (D:15)
  9 wights
  3 troll zombies (Swamp:2)
  A hippogriff skeleton (D:9)
  3 electric eels (Lair:4)
  5 crimson imps
  3 quasits
  2 vampire bats (D:6)
  A basilisk zombie (Lair:4)
  A soldier ant zombie (D:11)
  An elf zombie (D:15)
  3 iron imps (Swamp:2)
  6 jellies
  24 orc priests
  21 hounds
  A centaur zombie (D:7)
  6 iguanas
  A black bear skeleton (D:10)
  A basilisk skeleton (D:14)
  33 orc wizards
  9 sheep
  A spectral orc (D:10)
  2 wolf simulacra (IceCv)
  7 orange rats (Lair:6)
  9 worker ants
  A crocodile zombie (D:10)
  A crocodile skeleton (D:10)
  7 big fish
  A worker ant zombie (D:7)
  12 adders
  11 gnolls
  50 green rats
  An inept feature mimic (D:4)
  4 shadow imps
  A white imp (Swamp:2)
  Grum (D:8)
  A giant mite (D:2)
  An ufetubus (Swamp:2)
  2 worms
  An orc skeleton (D:7)
  An adder skeleton (D:6)
  117 orcs
  24 bats
  3 bat skeletons (D:6)
  2 bat zombies (D:6)
  3 giant cockroaches
  13 goblins
  27 hobgoblins
  5 jackals
  14 quokkas
  2 ball pythons
  5 giant newts
  4 giant spores
  2 goliath beetles
  20 kobolds
  A kobold zombie (D:8)
  2 orc zombies
  30 rats
  9 ballistomycetes
  2 plants (Lair:8)
1057 creatures vanquished.

Vanquished Creatures (collateral kills)
  2 death yaks (Lair:8)
  2 tengu warriors (D:14)
  2 orc high priests (Orc:4)
  A sun demon (Orc:4)
  A sixfirhy (Orc:4)
  An orc sorcerer (Orc:4)
  A gargoyle (D:13)
  A black mamba (Lair:8)
  An orange demon (Orc:4)
  A komodo dragon (D:14)
  2 trolls (Orc:4)
  2 ravens (D:14)
  2 blink frogs (Lair:8)
  A basilisk (shapeshifter) (D:13)
  4 yaks
  A hippogriff (Lair:8)
  A porcupine (Lair:5)
  3 wolves
  7 orc warriors
  A centaur (D:13)
  An ogre (Orc:4)
  A boring beetle (Lair:8)
  4 hounds (Lair:8)
  A crimson imp (Lair:8)
  An orc priest (Orc:4)
  An orc wizard (Orc:3)
  A shadow imp (D:14)
  8 orcs
  A goblin (Orc:4)
  6 jackals (Lair:8)
  2 spectral orcs (D:10)
  4 fungi
68 creatures vanquished.

Vanquished Creatures (others)
  An orc warlord (Orc:3)
  A vault guard (D:14)
  A centaur warrior (D:13)
  A soul eater (Lair:8)
  An orc knight (Orc:4)
  An orc sorcerer (Orc:4)
  A sixfirhy (Lair:8)
  An iron devil (Lair:8)
  A merfolk (Lair:8)
  An air elemental (Orc:3)
  2 ball lightnings (Lair:1)
  A shadow (Swamp:1)
  A warg (Orc:3)
  4 orc warriors
  A centaur (D:13)
  4 crimson imps
  An orc wizard (Orc:4)
  A hound (D:11)
  A quasit (Lair:5)
  4 iron imps
  6 shadow imps
  12 white imps
  2 ufetubi
  An orc (Orc:2)
  A hobgoblin (D:11)
  12 butterflies
  9 fungi
  2 plants
75 creatures vanquished.

Grand Total: 1200 creatures vanquished

Notes
Turn   | Place    | Note
--------------------------------------------------------------
     0 | D:1      | Psiweapon, the Minotaur Gladiator, began the quest for the Orb.
     0 | D:1      | Reached XP level 1. HP: 18/18 MP: 1/1
     3 | D:1      | Noticed a shark
     3 | D:1      | Noticed a shark
   165 | D:1      | Reached XP level 2. HP: 25/25 MP: 1/1
   425 | D:1      | Reached skill level 4 in Staves
   827 | D:2      | Reached XP level 3. HP: 28/30 MP: 2/2
  1131 | D:3      | Reached skill level 1 in Armour
  1175 | D:4      | Reached XP level 4. HP: 29/38 MP: 2/2
  1184 | D:5      | Entered Level 5 of the Dungeon
  1272 | D:2      | Found a radiant altar of Vehumet.
  1696 | D:3      | Found a glowing golden altar of the Shining One.
  2198 | D:4      | Reached skill level 5 in Staves
  2198 | D:4      | Reached XP level 5. HP: 34/45 MP: 2/2
  2331 | D:4      | Reached XP level 6. HP: 41/51 MP: 3/3
  2703 | D:4      | Noticed an ogre
  2710 | D:4      | Killed an ogre
  2710 | D:4      | Reached skill level 6 in Staves
  2868 | D:5      | Reached XP level 7. HP: 55/59 MP: 3/3
  2991 | D:5      | Found a white marble altar of Elyvilon.
  3032 | D:5      | Found a staircase to the Ecumenical Temple.
  3042 | Temple   | Entered the Ecumenical Temple
  3168 | D:5      | Found a blossoming altar of Fedhas.
  3240 | D:5      | Found Tweppofe's Weapon Boutique.
  3248 | D:5      | Bought a +1,+1 quarterstaff of draining for 197 gold pieces
  3384 | D:5      | Got a distressingly furry leather armour
  3397 | D:5      | Identified the +0 leather armour of Creativity {rF+ Slay+2} (You found it on level 5 of the Dungeon)
  3463 | D:6      | Reached skill level 5 in Dodging
  3525 | D:6      | Found a shimmering altar of Xom.
  3533 | D:6      | Became a worshipper of Xom of Chaos
  3584 | D:6      | XOM: potion effect (might)
  3585 | D:6      | Reached skill level 5 in Fighting
  3585 | D:6      | Reached skill level 7 in Staves
  3595 | D:6      | XOM: blink monster(s)
  3597 | D:6      | Reached skill level 5 in Armour
  3715 | D:6      | Reached XP level 8. HP: 68/68 MP: 3/3
  3866 | D:8      | XOM: stealth player
  3878 | D:8      | XOM: swap monsters
  3881 | D:8      | Reached skill level 8 in Staves
  4037 | D:6      | XOM: mild Tloc miscast
  4072 | D:6      | Found an ancient bone altar of Kikubaaqudgha.
  4075 | D:6      | Reached skill level 1 in Stealth
  4295 | D:6      | XOM: silly message
  4410 | D:6      | XOM: medium Trmt miscast
  4473 | D:7      | Noticed Sigmund
  4482 | D:7      | Killed Sigmund
  4504 | D:8      | XOM: noise
  4627 | D:9      | XOM: harmless Erth miscast
  4678 | D:9      | XOM: harmless Pois miscast
  4686 | D:10     | Entered Level 10 of the Dungeon
  4686 | D:10     | Noticed a hill giant
  4689 | D:10     | XOM: swap monsters
  4693 | D:10     | Killed a hill giant
  4693 | D:10     | Reached skill level 9 in Staves
  4693 | D:10     | Reached XP level 9. HP: 56/79 MP: 0/4
  4704 | D:10     | XOM: 2-stop teleportation journey
  4921 | D:10     | XOM: summons 2 hostile shadow creatures
  4967 | D:9      | Reached skill level 1 in Evocations
  4991 | D:9      | XOM: give mutations
  4991 | D:9      | Gained mutation: You have sharp toenails. [Xom's mischief]
  4991 | D:9      | Gained mutation: Your vision is a little blurry. [Xom's mischief]
  4991 | D:9      | Gained mutation: You have razor-sharp toenails. [Xom's mischief]
  4992 | D:9      | Reached skill level 10 in Staves
  5130 | D:11     | Noticed a cyclops
  5204 | D:9      | Noticed a troll
  5213 | D:9      | Killed a troll
  5215 | D:9      | XOM: 2-stop teleportation journey
  5220 | D:9      | XOM: summons 4 hostile demons
  5244 | D:9      | XOM: give mutations
  5244 | D:9      | Gained mutation: Armour fits poorly on your strangely shaped body. [Xom's mischief]
  5244 | D:9      | Lost mutation: You have razor-sharp toenails. [Xom's mischief]
  5244 | D:9      | Gained mutation: You are weak. (Str -2) [Xom's mischief]
  5256 | D:9      | XOM: harmless Pois miscast
  5424 | D:7      | XOM: medium Fire miscast
  5763 | D:4      | XOM: noise
  5941 | D:3      | XOM: god gift: ruby ring {god gift}
  6066 | D:7      | XOM: give mutations
  6066 | D:7      | Gained mutation: Your body is slowly deteriorating. [Xom's mischief]
  6066 | D:7      | Gained mutation: You have a pair of large horns on your head. [Xom's mischief]
  6066 | D:7      | Gained mutation: You are very weak. (Str -4) [Xom's mischief]
  6114 | D:8      | XOM is BORED!
  6114 | D:8      | XOM: torment (42/82 hp)
  6356 | D:8      | XOM: harmless Erth miscast
  6369 | D:9      | Reached XP level 10. HP: 54/90 MP: 6/6
  6375 | D:9      | XOM: enchant monster (good)
  6521 | D:8      | XOM: silly message
  6674 | D:8      | XOM: confuse monster(s)
  6676 | D:8      | Noticed Grum
  6683 | D:8      | Found a stormy altar of Qazlal.
  6691 | D:8      | Killed Grum
  6694 | D:8      | Reached skill level 11 in Staves
  6725 | D:8      | Noticed Eustachio
  6734 | D:8      | Killed Eustachio
  6788 | D:8      | XOM: enchant monster (good)
  6806 | D:7      | XOM: cast spell 'Statue Form'
  7158 | D:8      | XOM: noise
  7176 | D:8      | XOM: colour smoke trail
  7508 | D:10     | XOM: god gift: sedimented white potion
  7511 | D:10     | Killed an unseen horror
  7888 | D:10     | Noticed Nergalle
  7893 | D:10     | XOM: medium Tloc miscast
  7916 | D:11     | Noticed Maurice
  7928 | D:11     | Killed Maurice
  7972 | D:11     | XOM: harmless Conj miscast
  7992 | D:11     | Found a staircase to the Lair.
  8143 | D:11     | XOM: scenery: 2 doors close
  8180 | D:11     | Learned a level 1 spell: Freeze
  8204 | D:11     | XOM: summons 2 friendly demons
  8209 | D:11     | Killed a cyclops
  8209 | D:11     | Reached XP level 11. HP: 45/97 MP: 8/8
  8329 | D:11     | Lost mutation: Your body is slowly deteriorating. [mutagenic meat]
  8350 | D:11     | Noticed Nessos
  8361 | D:11     | XOM: cast spell 'Summon Butterflies'
  8365 | D:11     | XOM: summons 3 friendly demons
  8373 | D:11     | XOM: summons friendly shadow imp
  8380 | D:11     | Killed Nessos
  8380 | D:11     | Reached skill level 12 in Staves
  8380 | D:11     | Reached skill level 10 in Dodging
  8500 | D:11     | XOM: divination: magic mapping
  8587 | D:11     | XOM: potion effect (invisibility)
  8691 | Lair:1   | Entered Level 1 of the Lair of Beasts
  8696 | Lair:1   | XOM: cast spell 'Conjure Ball Lightning'
  8705 | Lair:1   | Reached skill level 10 in Fighting
  9419 | Lair:1   | Learned a level 3 spell: Ozocubu's Armour
  9453 | Lair:2   | XOM: confuse monster(s)
  9474 | Lair:2   | XOM: potion effect (berserk rage)
  9475 | Lair:2   | XOM: fake destruction
  9491 | Lair:2   | Reached skill level 1 in Charms
  9535 | Lair:2   | XOM: divination: detect creatures
  9556 | Lair:2   | XOM: polymorph crocodile -> dwarf
  9662 | Lair:2   | Noticed Gastronok
  9667 | Lair:2   | XOM: swap monsters
  9676 | Lair:2   | Killed Gastronok
  9775 | Lair:2   | XOM: potion effect (agility)
  9779 | Lair:2   | XOM: confuse monster(s)
 10292 | Lair:3   | Got a polished scale mail
 10304 | Lair:3   | Identified the cursed -2 scale mail of the New World {Dex+4 Int+2} (You found it on level 3 of the Lair of Beasts)
 10453 | Lair:3   | XOM: draining
 10525 | Lair:3   | XOM: divination: detect creatures
 10545 | Lair:3   | Found a staircase to the Snake Pit.
 10569 | Lair:3   | Reached skill level 13 in Staves
 10786 | Lair:1   | XOM: divination: detect creatures
 10922 | Lair:3   | Noticed Erica
 10936 | Lair:3   | XOM: divination: detect creatures
 10949 | Lair:3   | Killed Erica
 10949 | Lair:3   | Reached XP level 12. HP: 51/108 MP: 10/10
 11083 | Lair:3   | XOM: silly message
 11333 | Lair:4   | Found a frozen archway.
 11348 | IceCv    | Entered an ice cave
 11447 | Lair:4   | XOM: confuse monster(s)
 11503 | Lair:4   | Reached skill level 5 in Stealth
 11536 | Lair:4   | Noticed a four-headed hydra
 11554 | Lair:4   | XOM: medium Pois miscast
 11556 | Lair:4   | Killed a one-headed hydra
 11718 | Lair:4   | XOM: noise
 11734 | Lair:4   | XOM: enchant monster (bad)
 11867 | Lair:4   | XOM: 3-stop teleportation journey
 11893 | Lair:4   | Got a wavering tin ring
 11899 | Lair:4   | Identified the ring "Maibrier" {rF+ rC-} (You found it on level 4 of the Lair of Beasts)
 11917 | Lair:4   | Noticed a seven-headed hydra
 11947 | Lair:4   | Noticed a four-headed hydra
 11948 | Lair:4   | Killed a seven-headed hydra
 11953 | Lair:4   | Killed a four-headed hydra
 12063 | Lair:4   | Noticed a four-headed hydra
 12073 | Lair:4   | Killed a four-headed hydra
 12455 | Lair:5   | XOM: cast spell 'Metabolic Englaciation'
 12662 | Lair:5   | XOM: mild Trmt miscast
 12695 | Lair:5   | Found a staircase to the Swamp.
 12697 | Lair:5   | XOM: mild Trmt miscast
 12718 | Lair:5   | Reached skill level 14 in Staves
 12779 | Lair:5   | XOM: summons 5 friendly demons
 12788 | Lair:5   | XOM: harmless Conj miscast
 12796 | Lair:5   | XOM: mild Trmt miscast
 12811 | Lair:5   | XOM: harmless Pois miscast
 12968 | Lair:5   | XOM: 1-stop teleportation journey
 13071 | Lair:5   | XOM: summons 5 friendly demons
 13882 | Lair:6   | Reached XP level 13. HP: 117/117 MP: 11/11
 14520 | Lair:3   | You fall through a shaft!
 14537 | Lair:5   | XOM: harmless Conj miscast
 14671 | Lair:7   | XOM: confuse monster(s)
 14684 | Lair:7   | XOM: potion effect (invisibility)
 14839 | Lair:7   | XOM: enchant monster (good)
 14919 | Lair:7   | Found a staircase to the Slime Pits.
 14919 | Lair:7   | Found a viscous altar of Jiyva.
 15026 | Lair:7   | XOM: medium Fire miscast
 15062 | Lair:8   | Entered Level 8 of the Lair of Beasts
 15215 | Lair:8   | XOM: enchant monster (good)
 15442 | Lair:8   | XOM: mild Chrm miscast
 15445 | Lair:8   | XOM: summons friendly white imp
 15529 | Lair:8   | XOM: summons friendly crimson imp
 15541 | Lair:8   | XOM: summons 13 friendly demons
 15568 | Lair:8   | XOM: polymorph quasit -> crimson imp
 15933 | Lair:8   | XOM: enchant monster (bad)
 16020 | Lair:8   | XOM: confuse monster(s)
 16049 | Lair:8   | XOM: summons friendly white imp
 16050 | Lair:8   | XOM: enchant monster (good)
 16067 | Lair:8   | Reached skill level 15 in Staves
 16130 | Lair:8   | XOM: confuse monster(s)
 16151 | Lair:8   | XOM: potion effect (might)
 16151 | Lair:8   | XOM: 8-stop teleportation journey
 16158 | Lair:8   | XOM: summons 13 friendly demons
 16162 | Lair:8   | Reached skill level 5 in Charms
 16217 | Lair:8   | XOM: summons friendly crimson imp
 16221 | Lair:8   | XOM: god gift: ornate deck of cards {god gift}
 16231 | Lair:8   | Your ally Smajux died
 16235 | Lair:8   | XOM: confuse monster(s)
 16397 | Lair:8   | Reached skill level 1 in Slings
 16515 | Lair:8   | XOM: cast spell 'Dragon Form'
 16521 | Lair:8   | Reached XP level 14. HP: 127/127 MP: 12/12
 16600 | Lair:8   | XOM: potion effect (invisibility)
 16626 | Lair:8   | XOM: confuse monster(s)
 16734 | Lair:8   | XOM: medium Fire miscast
 16933 | Lair:8   | XOM: give mutations
 16933 | Lair:8   | Gained mutation: You have razor-sharp toenails. [Xom's grace]
 16933 | Lair:8   | Gained mutation: You are partially covered in molten scales (AC +1). [Xom's grace]
 16933 | Lair:8   | Gained mutation: You possess an exceptional clarity of mind. [Xom's grace]
 17083 | Lair:5   | XOM: silly message
 17378 | D:11     | XOM: medium Necr miscast
 17412 | D:12     | XOM: potion effect (might)
 17430 | D:12     | Noticed Josephine
 17438 | D:13     | Killed Josephine
 17581 | D:12     | XOM: polymorph raven -> golden eye
 17582 | D:12     | XOM: enchant monster (good)
 17584 | D:12     | XOM: divination: magic mapping
 17595 | D:12     | XOM: polymorph tengu warrior -> glowing shapeshifter
 17761 | D:12     | Identified Sif Muna's Volume of Ashen Transmigration (You found it on level 12 of the Dungeon)
 17765 | D:12     | Learned a level 2 spell: Stoneskin
 17854 | D:12     | Found a staircase to the Orcish Mines.
 17854 | D:12     | XOM: god gift: scale mail {god gift}
 18168 | D:10     | XOM: god gift: meat ration
 18222 | D:10     | XOM: summons 2 friendly demons
 18229 | D:10     | XOM: summons friendly white imp
 18232 | D:10     | XOM: enchant monster (good)
 18255 | D:10     | Killed Nergalle
 18602 | D:12     | XOM: cast spell 'Necromutation'
 18642 | D:13     | XOM: enchant monster (bad)
 18695 | D:13     | XOM: summons friendly white imp
 18711 | D:13     | Reached skill level 1 in Spellcasting
 18739 | D:13     | XOM: divination: detect items
 18744 | D:13     | XOM: enchant monster (good)
 18757 | D:13     | Reached skill level 1 in Maces & Flails
 18809 | D:13     | Got a blackened ring mail
 18857 | D:13     | Lost mutation: Your vision is a little blurry. [potion of cure mutation]
 18857 | D:13     | Lost mutation: You possess an exceptional clarity of mind. [potion of cure mutation]
 18857 | D:13     | Lost mutation: Armour fits poorly on your strangely shaped body. [potion of cure mutation]
 18857 | D:13     | Lost mutation: You have razor-sharp toenails. [potion of cure mutation]
 18857 | D:13     | Lost mutation: You have a pair of large horns on your head. [potion of cure mutation]
 18857 | D:13     | Lost mutation: You have sharp toenails. [potion of cure mutation]
 18881 | D:13     | XOM: summons friendly white imp
 18884 | D:13     | XOM: confuse monster(s)
 18886 | D:13     | XOM: enchant monster (bad)
 18892 | D:13     | XOM: summons friendly iron imp
 18895 | D:13     | XOM: cast spell 'Spider Form'
 18898 | D:13     | XOM: polymorph something unseen -> naga
 18998 | D:14     | XOM: scenery: 1 doors open
 19130 | D:13     | Gained mutation: You can translocate small distances at will. [mutagenic meat]
 19283 | D:13     | XOM: confuse monster(s)
 19327 | D:15     | Entered Level 15 of the Dungeon
 19346 | D:15     | XOM: potion effect (agility)
 19349 | D:15     | XOM: potion effect (invisibility)
 19468 | D:14     | XOM: divination: detect creatures
 19643 | D:14     | XOM: harmless Necr miscast
 19663 | D:14     | Found a gate to the Vaults.
 19669 | D:14     | XOM: chaos upgrade
 19678 | D:14     | XOM: blink monster(s)
 19772 | D:14     | XOM: divination: detect creatures
 19773 | D:14     | XOM: divination: detect items
 19951 | D:14     | XOM: destruction
 19953 | D:14     | XOM: enchant monster (good)
 20205 | D:14     | Identified the +5 ring mail of Vehumet's Condemnation {+Rage rElec rF+} (You found it on level 13 of the Dungeon)
 20730 | Orc:1    | Entered Level 1 of the Orcish Mines
 20861 | Orc:1    | Found Twewe's Food Shoppe.
 20907 | Orc:1    | Found an iron altar of Okawaru.
 20912 | Orc:1    | XOM: colour smoke trail
 21325 | Orc:2    | Found a radiant altar of Vehumet.
 21435 | Orc:3    | Found Meihuall's Gadget Boutique.
 21455 | Orc:3    | Bought a lantern of shadows for 220 gold pieces
 21636 | Orc:3    | Noticed an orc warlord
 21637 | Orc:3    | XOM: summons friendly white imp
 21644 | Orc:3    | XOM: enchant monster (good)
 21647 | Orc:3    | Banished an orc warlord
 21712 | Orc:3    | XOM: noise
 21819 | Orc:3    | XOM: cast spell 'Summon Butterflies'
 21842 | Orc:3    | XOM: give mutation
 21842 | Orc:3    | Gained mutation: You are dopey. (Int -2) [Xom's mischief]
 21933 | Orc:3    | Noticed an orc warlord
 21999 | Orc:3    | Found a roughly hewn altar of Beogh.
 22011 | Orc:3    | XOM: swap monsters
 22030 | Orc:3    | Killed an orc warlord
 22030 | Orc:3    | Reached skill level 5 in Maces & Flails
 22052 | Orc:3    | XOM: summons friendly shadow imp
 22266 | Orc:3    | Reached XP level 15. HP: 137/137 MP: 18/18
 22335 | Orc:3    | XOM: summons friendly iron imp
 22388 | Orc:3    | XOM: vitrification
 22416 | Orc:4    | Entered Level 4 of the Orcish Mines
 22419 | Orc:4    | Found Waerhusug's Jewellery Boutique.
 22426 | Orc:4    | XOM: enchant monster (good)
 22492 | Orc:4    | XOM: cast spell 'Discord'
 22505 | Orc:4    | Found Ysat's Antique Weapon Boutique.
 22620 | Orc:4    | XOM: summons 5 friendly demons
 22636 | Orc:4    | XOM: enchant monster (bad)
 22827 | Orc:4    | Found a staircase to the Elven Halls.
 22831 | Orc:4    | Found an ancient bone altar of Kikubaaqudgha.
 22941 | Orc:4    | Found Zeng's General Store.
 22950 | Orc:4    | XOM: fake destruction
 23029 | Orc:4    | Bought a scroll of recharging for 152 gold pieces
 23029 | Orc:4    | Bought a wand of fireball (3) for 224 gold pieces
 23068 | Orc:4    | XOM: medium Pois miscast
 23136 | Orc:4    | Found Wirugav's Antique Armour Boutique.
 23201 | Orc:4    | Noticed Erolcha
 23222 | Orc:4    | XOM: fake destruction
 23231 | Orc:4    | XOM: polymorph orc high priest -> faun
 23283 | Orc:4    | Killed Erolcha
 23441 | Orc:4    | XOM: mild Conj miscast
 23564 | Orc:4    | XOM: medium Erth miscast
 23741 | Orc:2    | XOM: enchant monster (bad)
 24078 | Lair:1   | Lost mutation: You are very weak. (Str -4) [potion of cure mutation]
 24078 | Lair:1   | Lost mutation: You are weak. (Str -2) [potion of cure mutation]
 24078 | Lair:1   | Lost mutation: You can translocate small distances at will. [potion of cure mutation]
 24093 | Lair:1   | Gained mutation: You are clumsy. (Dex -2) [mutagenic glow]
 24130 | Lair:1   | Gained mutation: You heal slowly when monsters are visible. [mutagenic glow]
 24175 | Lair:1   | Gained mutation: You are frail (-10% HP). [mutagenic glow]
 24326 | Swamp:1  | Entered Level 1 of the Swamp
 24358 | Swamp:1  | XOM: colour smoke trail
 24538 | Swamp:1  | Noticed Agnes
 24554 | Swamp:1  | Killed Agnes
 24676 | Swamp:1  | Noticed Sonja
 24696 | Swamp:1  | Killed Sonja
 24829 | Swamp:1  | XOM: harmless Pois miscast
 25008 | Swamp:1  | XOM: summons 2 friendly demons
 25048 | Swamp:1  | XOM: give mutation
 25048 | Swamp:1  | Lost mutation: You are dopey. (Int -2) [Xom's mischief]
 25068 | Swamp:1  | XOM: cast spell 'Dispersal'
 25207 | Lair:4   | XOM: cast spell 'Dragon Form'
 25363 | Orc:4    | Bought an uncursed amulet of the gourmand for 360 gold pieces
 25515 | D:15     | XOM: severe Hex miscast
 25534 | D:15     | XOM: polymorph white ugly thing -> boring beetle
 25553 | D:15     | Lost mutation: You are frail (-10% HP). [mutagenic meat]
 25554 | D:15     | Lost mutation: You heal slowly when monsters are visible. [mutagenic meat]
 25555 | D:15     | Gained mutation: Potions and wands are less effective at restoring your health. [mutagenic meat]
 25559 | D:15     | XOM: silly message
 25588 | D:15     | XOM: summons 12 friendly demons
 25598 | D:15     | XOM: 8-stop teleportation journey
 25742 | D:15     | XOM: confuse monster(s)
 25913 | D:15     | XOM: god gift: scroll of enchant weapon II
 25920 | D:15     | Lost mutation: Potions and wands are less effective at restoring your health. [potion of cure mutation]
 25920 | D:15     | Lost mutation: You are clumsy. (Dex -2) [potion of cure mutation]
 25920 | D:15     | Lost mutation: You are partially covered in molten scales (AC +1). [potion of cure mutation]
 25980 | D:15     | Found a staircase to the Depths.
 26096 | D:15     | Reached skill level 16 in Staves
 26227 | D:15     | XOM: god gift: 4 silver javelins
 26268 | D:15     | XOM: stat loss: -1 Dex (15/16)
 26302 | D:15     | XOM: vitrification
 26520 | Lair:2   | XOM: noise
 26588 | Lair:5   | XOM: enchant monster (good)
 26847 | Swamp:1  | XOM: mild Erth miscast
 27109 | Swamp:2  | XOM: medium Pois miscast
 27267 | Swamp:2  | Reached skill level 10 in Armour
 27316 | Swamp:2  | Reached skill level 15 in Dodging
 27435 | Swamp:2  | XOM: mild Tloc miscast
 27444 | Swamp:2  | XOM: 4-stop teleportation journey
 27450 | Swamp:2  | XOM: swap monsters
 27451 | Swamp:2  | XOM: swap weapons
 27455 | Swamp:2  | XOM: cast spell 'Summon Butterflies'
 27462 | Swamp:2  | XOM: summons 7 hostile demons
 27478 | Swamp:2  | XOM: draining
 27502 | Swamp:2  | Identified a +5 rod of inaccuracy (12/12) (You found it on level 2 of the Swamp)
 27694 | Swamp:2  | XOM: 10-stop teleportation journey
 27741 | Swamp:2  | XOM: summons 4 hostile demons
 27758 | Swamp:2  | HP: 3/134 [alligator zombie (18)]
 27760 | Swamp:2  | Mangled by an alligator zombie

Action                   |  1- 3 |  4- 6 |  7- 9 | 10-12 | 13-15 || total
-------------------------+-------+-------+-------+-------+-------++-------
Melee: Quarterstaff      |    84 |   144 |   272 |   812 |   798 ||  2110
       Scimitar          |       |       |       |     6 |       ||     6
       Unarmed           |       |       |       |       |    19 ||    19
       Great mace        |       |       |       |       |   751 ||   751
       Lajatang          |       |       |       |       |   153 ||   153
       Flail             |       |       |       |       |    32 ||    32
       Dagger            |       |       |       |       |     1 ||     1
 Fire: Sling             |       |       |     8 |     2 |    13 ||    23
Throw: Throwing net      |       |     3 |     6 |     2 |     3 ||    14
       Tomahawk          |       |       |       |    18 |    28 ||    46
 Cast: Ozocubu's Armour  |       |       |       |       |     1 ||     1
 Abil: Breathe Fire      |       |       |       |       |     2 ||     2
Evoke: Wand              |       |     2 |     9 |    28 |    33 ||    72
       Deck              |       |       |       |       |     3 ||     3
       Fan of gales      |       |       |       |       |     2 ||     2
  Use: Scroll            |       |       |    19 |    12 |    17 ||    48
       Potion            |       |       |       |     1 |    24 ||    25
 Stab: Sleeping          |       |       |     3 |    18 |    21 ||    42
       Held in net/web   |       |       |     1 |       |       ||     1
       Distracted        |       |       |     1 |       |     2 ||     3
       Invisible         |       |       |       |     5 |    37 ||    42
       Confused          |       |       |       |     4 |     7 ||    11
